 Dungeon Crawl Stone Soup version 0.28.0-53-g5a82cb258f (webtiles) character file.

Game seed: 694148004552553044

1492 Tirrikindir the Slasher (level 8, -4/59 HPs)
             Began as an Octopode Fighter on Aug 5, 2022.
             Was a Believer of Okawaru.
             Slain by a wyvern skeleton (6 damage)
             ... on level 6 of the Dungeon.
             The game lasted 00:16:36 (6421 turns).

Tirrikindir the Slasher (Octopode Fighter)          Turns: 6421, Time: 00:16:37

Health: -4/59      AC:  2    Str: 15    XL:     8   Next: 80%
Magic:  9/11       EV: 17    Int: 10    God:    Okawaru [**....]
Gold:   227        SH:  6    Dex: 14    Spells: 7/7 levels left

rFire   . . .      SeeInvis .   a - +1 long sword
rCold   . . .      Faith    .   b - +0 buckler
rNeg    . . .      Spirit   .   i - +0 hat
rPois   .          Reflect  .   (no amulet)
rElec   .          Harm     .   (no ring)
rCorr   .          Rampage  .   (no ring)
Will    .....                   (no ring)
Stlth   ++++++....              (no ring)
HPRegen 0.00/turn               (no ring)
MPRegen 0.12/turn               (no ring)
                                (no ring)
                                (no ring)

@: brilliant, heroic, flying, inhibited regen
A: almost no armour, amphibious, 8 rings, camouflage 1, gelatinous body 1,
(nimble swimmer 1), tentacles, robust 1, shaggy fur 1, inhibited regeneration
a: Renounce Religion, Heroism


You were on level 6 of the Dungeon.
You worshipped Okawaru.
Okawaru was pleased with you.
You visited 2 branches of the dungeon, and saw 7 of its levels.

You collected 227 gold pieces.

Inventory:

Hand Weapons
 a - a +1 long sword (weapon)
 d - a +0 short sword
Missiles
 g - 4 boomerangs (quivered)
Armour
 b - a +0 buckler (worn)
 i - a +0 hat (worn)
Wands
 f - a wand of digging (8)
Scrolls
 c - a scroll of enchant armour {unknown}
 e - a scroll of silence {unknown}
 j - a scroll of magic mapping {unknown}
 o - a scroll of vulnerability {unknown}
Potions
 h - a potion of mutation
 m - a potion of brilliance


   Skills:
 - Level 4.0(9.0) Fighting
 * Level 7.2(12.2) Long Blades
 - Level 2.0(7.0) Throwing
 - Level 4.0(9.0) Dodging
 - Level 6.0(11.0) Stealth
 - Level 4.0(9.0) Shields
 - Level 4.0 Invocations
 - Level 2.0 Evocations


You had 7 spell levels left.
You didn't know any spells.
Your spell library contained the following spells:

 Spells                   Type           Power      Damage    Failure   Level
 Scorch                   Fire           0%         2d5       56%         2
 Gell's Gravitas          Tloc           0%         N/A       80%         3
 Lesser Beckoning         Tloc           0%         N/A       80%         3
 Teleport Other           Tloc           0%         N/A       80%         3
 Flame Wave               Conj/Fire      0%         2d4       99%         4
 Summon Cactus Giant      Summ           Unusable   N/A       N/A         6

Dungeon Overview and Level Annotations

Branches:
Dungeon (6/15)             Temple (1/1) D:4

Altars:
Ashenzari
Cheibriados
Dithmenos
Elyvilon
Fedhas
Gozag
Hepliaklqana
Kikubaaqudgha
Makhleb
Nemelex Xobeh
Okawaru
Qazlal
Ru
Sif Muna
Trog
Uskayaw
Vehumet
Wu Jian
Xom
Yredelemnul
Zin
The Shining One


Innate Abilities, Weirdness & Mutations

You cannot wear most types of armour.
You are amphibious.
You can wear up to eight rings at the same time.
Your skin changes colour to match your surroundings (Stealth+).
Your rubbery body absorbs attacks. (AC +1, EV +1)
((You are camouflaged when in or above water. (Stealth+)))
You have tentacles for arms and can constrict up to eight enemies at once.
You are robust. (+10% HP)
You are covered in fur. (AC +1)
You do not regenerate when monsters are visible.


Message History

The wyvern skeleton closely misses you.
You hit the wyvern skeleton.
The wyvern skeleton is severely damaged.
The wyvern skeleton bites you.
The howler monkey zombie closely misses you.
The wyvern skeleton bites you!
You hit the wyvern skeleton.
The wyvern skeleton is severely damaged.
The howler monkey zombie hits you. The wyvern skeleton bites you!
* * * LOW HITPOINT WARNING * * *
The wyvern skeleton bites you.
* * * LOW HITPOINT WARNING * * *
The wyvern skeleton bites you!
* * * LOW HITPOINT WARNING * * *
You feel better. The wyvern skeleton misses you.
You gain the combat prowess of a mighty hero.
The wyvern skeleton bites you.
You hit the wyvern skeleton but do no damage.
The wyvern skeleton is severely damaged.
The wyvern skeleton misses you.
You barely miss the wyvern skeleton.
The wyvern skeleton is severely damaged.
You block the wyvern skeleton's attack.
You barely miss the wyvern skeleton. You tentacle-slap the wyvern skeleton.
The wyvern skeleton is almost destroyed.
The wyvern skeleton bites you!
* * * LOW HITPOINT WARNING * * *
You feel better. The wyvern skeleton bites you.
* * * LOW HITPOINT WARNING * * *
The wyvern skeleton bites you!
* * * LOW HITPOINT WARNING * * *
It was a potion of brilliance.
You feel clever all of a sudden. The wyvern skeleton closely misses you.
Okay, then.
Okay, then.
It was a potion of flight.
You feel very buoyant.
You fly up into the air.
The wyvern skeleton bites you.
You die...

###### ##.#..### #### ###
##.......## ..#.###
##.###.........# ....#.
##....#....Z....# . ..... #
#.........#Z#.......##...###
###.......#@#..............#
#.......^........##........
##...........#.....#.....<..
#............# .............
#.......#....##.....###.#..#
#...#............... #...##
#...#............... ....>#
######............. ......#.
##..........# .........


You could see a howler monkey zombie and a wyvern skeleton.

Vanquished Creatures
  A black bear (D:5)
  3 ogres
  A necrophage (D:5)
  A centaur (D:6)
  A kobold brigand (D:5)
  A scorpion (D:6)
  2 water moccasin skeletons (D:4)
  6 killer bees
  A jelly (D:5)
  A gnoll shaman (D:5)
  2 hounds (D:5)
  2 orc priests
  Crazy Yiuf (D:5)
  An iguana (D:5)
  Robin (D:3)
  6 adders
  6 gnolls
  A white imp (D:5)
  An ufetubus (D:4)
  A worm (D:2)
  3 dart slugs
  8 orcs
  4 bats
  15 endoplasms
  4 giant cockroaches
  7 hobgoblins
  2 jackals (D:2)
  8 kobolds
  4 quokkas
  13 ball pythons
  3 frilled lizards
  15 goblins
  5 rats
131 creatures vanquished.

Vanquished Creatures (others)
  10 plants (D:2)
10 creatures vanquished.

Grand Total: 141 creatures vanquished

Notes
Turn   | Place    | Note
-------+----------+-------------------------------------------
     0 | D:1      | Tirrikindir the Octopode Fighter began the quest for the
                  | Orb.
     0 | D:1      | Reached XP level 1. HP: 16/16 MP: 1/1
   248 | D:1      | Reached XP level 2. HP: 19/21 MP: 2/2
   289 | D:1      | Reached skill level 1 in Stealth
   528 | D:1      | Reached XP level 3. HP: 10/26 MP: 3/3
  1344 | D:2      | Gained mutation: You do not regenerate when monsters are
                  | visible. [potion of mutation]
  1344 | D:2      | Gained mutation: You are covered in fur. (AC +1) [potion of
                  | mutation]
  1344 | D:2      | Gained mutation: You are robust. (+10% HP) [potion of
                  | mutation]
  1529 | D:2      | Reached XP level 4. HP: 34/34 MP: 4/4
  1685 | D:2      | Found an iron altar of Okawaru.
  1690 | D:2      | Became a worshipper of Warmaster Okawaru
  2032 | D:3      | Noticed Robin
  2048 | D:3      | Killed Robin
  2049 | D:3      | Reached skill level 3 in Long Blades
  2475 | D:3      | Found a faded altar of an unknown god.
  2483 | D:3      | Reached XP level 5. HP: 39/39 MP: 5/5
  2604 | D:3      | Reached skill level 1 in Invocations
  2604 | D:3      | Reached skill level 1 in Evocations
  3425 | D:4      | Found a staircase to the Ecumenical Temple.
  3607 | D:4      | Noticed an ogre
  3622 | D:4      | Killed an ogre
  3623 | D:4      | Reached XP level 6. HP: 9/47 MP: 7/7
  3626 | D:4      | Reached * piety under Okawaru
  3627 | D:4      | Reached skill level 1 in Throwing
  4079 | D:4      | Reached XP level 7. HP: 46/51 MP: 8/8
  4165 | Temple   | Entered the Ecumenical Temple
  4268 | D:5      | Entered Level 5 of the Dungeon
  4290 | D:5      | Reached skill level 4 in Long Blades
  4335 | D:5      | Found a hide-covered altar of Uskayaw.
  4407 | D:5      | Reached ** piety under Okawaru
  4622 | D:5      | Found a runed translucent door.
  4623 | D:5      | Noticed Crazy Yiuf
  4632 | D:5      | Killed Crazy Yiuf
  5020 | D:5      | Reached XP level 8. HP: 59/59 MP: 11/11
  5078 | D:6      | Reached skill level 5 in Long Blades
  5222 | D:5      | Reached skill level 5 in Stealth
  5364 | D:6      | Reached skill level 6 in Long Blades
  6154 | D:6      | Reached skill level 7 in Long Blades
  6419 | D:6      | HP: 2/59 [wyvern skeleton (14)]
  6421 | D:6      | Slain by a wyvern skeleton

Illustrated notes

Levels and vault maps discovered:
D:1:      psy_arrival_radial01, layout_basic, st_stairs_6
D:2:      layout_rooms, serial_forest, infiniplex_forest_zigzag_2,
          infiniplex_forest_side_room, infiniplex_forest_end_2,
          infiniplex_forest_zigzag_1, infiniplex_forest_lined_room_3,
          infiniplex_forest_end_double, basic_altar, kennysheep_boxes
D:3:      layout_basic, nicolae_ecumenical_snake_handling,
          minmay_tree_intersection, uniq_robin
D:4:      layout_rooms, minmay_temple_entry_statues
D:5:      layout_basic, mainiacjoe_overflow_paths, chequers_mini_garden,
          minmay_misc_feat_hallway, minmay_strange_pillars,
          minmay_misc_feat_columns, uniq_crazy_yiuf_cottage
D:6:      layout_cave_pools
Temple:   dpeg_three_leaves_temple

Skill      XL: |  1  2  3  4  5  6  7  8 |
---------------+-------------------------+-----
Stealth        | 1 2 3 4 6 |  6.0
Long Blades    | 3 4 7 |  7.2
Invocations    | 1 2 4 |  4.0
Evocations     | 1 2 |  2.0
Throwing       | 1 2 |  2.0
Fighting       | 4 |  4.0
Shields        | 4 |  4.0
Dodging        | 4 |  4.0

Action                   |  1- 3 |  4- 6 |  7- 9 || total
-------------------------+-------+-------+-------++-------
Melee: Long sword        |    76 |   109 |   111 ||   296
       Constrict         |    20 |    28 |    21 ||    69
       Tentacles         |    17 |    22 |    28 ||    67
       Punch             |       |     5 |     2 ||     7
Throw: Boomerang         |     1 |    16 |    17 ||    34
Invok: Heroism           |       |       |     3 ||     3
  Use: Potion            |     2 |     2 |     6 ||    10
       Scroll            |     1 |     4 |     2 ||     7
 Stab: Sleeping          |     7 |    11 |     3 ||    21
Armor: Skin              |     5 |     5 |    11 ||    21
Dodge: Dodged            |    32 |    60 |    79 ||   171
Block: Buckler           |     8 |    19 |    33 ||    60
